 Dungeon Crawl Stone Soup version 0.28.0-43-g3370ac3207 (webtiles) character file.

Game seed: 9925537530230239351

151496 smarlow the Protected (level 18, -1/131 HPs)
             Began as a Djinni Conjurer on Mar 5, 2022.
             Was the Champion of Makhleb.
             Splashed by a caustic shrike's acid (4 damage)
             ... on level 15 of the Dungeon.
             The game lasted 02:32:24 (38977 turns).

smarlow the Protected (Djinni Conjurer)            Turns: 38977, Time: 02:32:24

Health: -1/131     AC: 12    Str:  5 (6)  XL:     18   Next: 18%
Gold:   1385       EV: 11    Int: 26      God:    Makhleb [******] SH: 20 Dex: 10 (12)

rFire   + + .      SeeInvis +   a - staff of conjuration
rCold   . . .      Faith    .   i - +0 tower shield
rNeg    . . .      Spirit   .   D - +0 troll leather armour
rPois   ∞          Reflect  +   S - +1 hat {Stlth+}
rElec   .          Harm     .   e - +2 cloak {rCorr}
rCorr   +          Rampage  .   T - +2 pair of gloves "Hunecw" {+Blink Regen+ rCorr Int-2}
Will    +....                   (boots unavailable)
Stlth   +++++.....              F - amulet "Roicveuklo" {Reflect rPois rC+ Regen+ SH+5}
HPRegen 2.71/turn               o - ring of see invisible
MPRegen 0.00/turn               m - ring of wizardry

@: about to teleport, corroded, flying
A: sickness immunity, fire resistance 2, cold vulnerability 1, float, innate
caster, HP casting, extra vitality 1, iridescent scales 1, deterioration 1
a: Renounce Religion, Evoke Blink, Minor Destruction, Lesser Servant of Makhleb,
Major Destruction, Greater Servant of Makhleb


You were on level 15 of the Dungeon.
You worshipped Makhleb.
Makhleb was exalted by your worship.
You visited 6 branches of the dungeon, and saw 27 of its levels.
You also visited: Ossuary and Volcano.

You collected 2485 gold pieces.
You spent 1100 gold pieces at shops.

Inventory:

Hand Weapons
 H - a +8 great sword of draining
Missiles
 I - 3 throwing nets
Armour
 e - a +2 cloak of preservation (worn)
 i - a +0 tower shield (worn)
 k - the +2 leather armour "Paxkilui" {Stlth+}
   (You found it on level 3 of the Dungeon)

   Stlth:     It makes you more stealthy.
 D - a +0 troll leather armour (worn)
 S - a +1 hat of stealth (worn)
 T - the +2 pair of gloves "Hunecw" (worn) {+Blink Regen+ rCorr Int-2}
   (You found it on level 13 of the Dungeon)

   Int:       It affects your intelligence (-2).
   +Blink:    It lets you blink.
   Regen:     It increases your rate of health regeneration.
   rCorr:     It protects you from acid and corrosion.
Magical Staves
 a - a staff of conjuration (weapon)
Jewellery
 b - a +4 ring of protection
 m - a ring of wizardry (right hand)
 o - a ring of see invisible (left hand)
 F - the amulet "Roicveuklo" (around neck) {Reflect rPois rC+ Regen+ SH+5}
   (You took it off an orc warrior on level 1 of the Elven Halls)

   [amulet of reflection]

   It reflects blocked missile attacks.
   rC:        It protects you from cold.
   rPois:     It protects you from poison.
   Regen:     It increases your rate of health regeneration.
   SH:        It affects your SH (+5).
 L - a +4 ring of protection
 N - a ring of protection from fire
Wands
 n - a wand of acid (11)
 q - a wand of mindburst (18)
 w - a wand of paralysis (6)
 y - a wand of polymorph (13)
 B - a wand of digging (3)
 E - a wand of flame (34)
 K - a wand of charming (6)
 O - a wand of iceblast (5)
Scrolls
 c - 4 scrolls of fog
 d - 4 scrolls of holy word
 f - 2 scrolls of magic mapping
 h - a scroll of enchant weapon
 l - 6 scrolls of immolation
 p - 3 scrolls of silence
 r - a scroll of teleportation
 J - a scroll of torment
 M - 2 scrolls of fear
 Q - a scroll of brand weapon
 W - a scroll of enchant armour
Potions
 g - 4 potions of brilliance
 j - 5 potions of curing
 s - 2 potions of haste
 t - 3 potions of resistance
 u - 4 potions of attraction {unknown}
 v - 2 potions of invisibility
 x - 3 potions of might
 z - 3 potions of berserk rage
 A - 4 potions of lignification
 C - 4 potions of ambrosia
 G - 5 potions of flight {unknown}
 R - a potion of cancellation
 V - 2 potions of magic {unknown}


   Skills:
 + Level 12.6 Fighting
 * Level 14.5 Armour
 * Level 9.2 Dodging
 - Level 9.5 Stealth
 * Level 9.8 Shields
 * Level 13.4 Spellcasting
 + Level 9.8 Invocations
 - Level 4.1 Evocations


You couldn't memorise any spells.
You knew the following spells:

 Your Spells              Type           Power      Damage    Failure   Level
a - Magic Dart            Conj           100%       1d8       1%          1
b - Searing Ray           Conj           100%       2d8       1%          2
c - Dazzling Flash        Conj/Hex       100%       N/A       1%          3
d - Fulminant Prism       Conj/Hex       46%        3d21      1%          4
e - Iskenderun's Mystic   Conj/Tloc      92%        2d18      1%          4
f - Sting                 Tmut/Pois      100%       1d8       1%          1
g - Ensorcelled Hibernat  Hex/Ice        100%       N/A       1%          2
h - Vampiric Draining     Necr           72%        2d11      1%          3
i - Swiftness             Air            72%        N/A       1%          3
j - Animate Armour        Summ/Erth      100%       N/A       1%          4
k - Metabolic Englaciati  Hex/Ice        36%        N/A       1%          5
l - Conjure Ball Lightni  Conj/Air       46%        3x3d16    8%          6
m - Monstrous Menagerie   Summ           36%        N/A       36%         7
Your spell library was empty.

Dungeon Overview and Level Annotations

Branches:
Dungeon (15/15)            Temple (1/1) D:6            Lair (6/6) D:10
  Swamp (0/4) Lair:2        Snake (0/4) Lair:2        Slime (0/5) Lair:5
    Orc (2/2) D:12            Elf (2/3) Orc:2        Vaults (0/5) D:14
 Depths (1/4) D:15        Ossuary (visited)         Volcano (visited)

Altars:
Ashenzari
Cheibriados
Dithmenos
Elyvilon
Fedhas
Gozag
Hepliaklqana
Kikubaaqudgha
Makhleb
Nemelex Xobeh
Okawaru
Qazlal
Ru
Sif Muna
Trog
Uskayaw
Vehumet
Wu Jian
Xom
Yredelemnul
Zin
The Shining One
Jiyva

Shops:
D:2 [   D:3 *   D:5 [   D:7 :   Orc:2 [!=[   Elf:2 [

Annotations:
Lair:5 2 runed translucent doors, experimilk's ghost, journeyman TrMo
Elf:2 4 runed translucent doors


Innate Abilities, Weirdness & Mutations

You are immune to sickness and miasma.
You are immune to poison.
Your flesh is very heat resistant. (rF++)
You are vulnerable to cold. (rC-)
You float through the air rather than walking.
You learn spells naturally, not from books.
Your magical power is your life essence.
You have superior vitality. (+4 MHP)
You are partially covered in iridescent scales. (AC +2)
Your body sometimes deteriorates upon taking damage.


Message History

The caustic shrike claws you!!
You are splashed with acid.
You resist. You block the caustic shrike's attack.
Things that are here:
a +0 dire flail; a +0 dire flail; an ettin corpse You block the caustic shrike's attack.
A caustic shrike comes into view.
There is a staircase back to the Dungeon here.
The caustic shrike claws you! The acid corrodes you!
You are splashed with acid.
You resist. You block the caustic shrike's attack.
The caustic shrike claws you!
You are splashed with acid.
You resist.
The caustic shrike moves out of view.
You fly upwards.
Welcome back to the Dungeon!
There is a staircase to the Depths here.
Casting: Iskenderun's Mystic Blast (safe; 1% risk of failure)
Confirm with . or Enter, or press ? or * to list all spells.
You feel a surge of power!
You erupt in a blast of force!
The mystic blast hits the caustic shrike!!
The caustic shrike is lightly wounded.
The caustic shrike is knocked back by the mystic blast.
The caustic shrike slams into the stone wall!
The caustic shrike is moderately wounded.
The mystic blast hits the caustic shrike!!
The caustic shrike is heavily wounded.
The caustic shrike is knocked back by the mystic blast.
The caustic shrike slams into the stone wall!
The caustic shrike is heavily wounded.
You block the caustic shrike's attack. The caustic shrike claws you.
You are splashed with acid.
You resist.
* * * LOW HITPOINT WARNING * * *
As you read the scroll of teleportation, it crumbles to dust.
You feel strangely unstable. The caustic shrike claws you!!
* * * LOW HITPOINT WARNING * * *
Your body deteriorates!
You feel clumsy.
You are splashed with acid.
You resist.
* * * LOW HITPOINT WARNING * * *
You block the caustic shrike's attack. x3
You feel much better. The caustic shrike claws you!!
* * * LOW HITPOINT WARNING * * *
You are splashed with acid.
You resist.
You die...

## #.# #.######.##
#.# # #.#
#.#####...## #.# #
#.#
#....#..#..########.#
# #.#
#..###..#..#........#
####^#
#....#..#..##########
.....####.####..#..#
..........# #..#..#
.##############.bb##
..............##@##
.################# .#
.# .# .# ##


You could see 2 caustic shrikes.

Vanquished Creatures
  Jorgrun (D:15)
  A deep elf sorcerer (Elf:1)
  Aizul (Elf:1)
  The ghost of Opsifuid the Severer, a journeyman BaBe of Trog (Elf:2)
  A deep elf demonologist (Elf:2)
  The ghost of smarlow the Thaumaturge, a journeyman DjCj of Makhleb (D:13)
  An ettin (Depths:1)
  A fire dragon (D:15)
  Harold (Lair:2)
  A rakshasa (D:11)
  4 catoblepae
  14 hydras
  An ice dragon (D:15)
  A death knight (D:12)
  A boulder beetle (Lair:6)
  A merfolk avatar (Lair:6)
  6 ogre magi
  28 two-headed ogres
  14 dancing weapons
  3 centaur warriors
  2 spriggan berserkers (Depths:1)
  5 tengu warriors (D:14)
  2 orc high priests
  10 deep elf knights
  A shadow wraith (D:14)
  2 spriggans (Depths:1)
  A sun demon (Volcano)
  7 skeletal warriors
  11 deep elf archers
  The ghost of BigDaddyOpFi the Cleaver, a novice HOMo of Jiyva (D:7)
  A harpy (Lair:5)
  2 orc knights
  An obsidian statue (Volcano)
  15 deep elf zephyrmancers
  13 ugly things
  4 orc sorcerers
  22 deep elf pyromancers
  A wolf spider (D:14)
  4 manticores
  5 cyclopes
  3 moths of wrath
  A centaur zombie (D:11)
  3 black mambas
  An eye of devastation (shapeshifter) (D:14)
  10 elephants
  16 cane toads
  9 gargoyles
  An unseen horror (D:12)
  A kobold demonologist (D:11)
  4 rime drakes
  2 efreet (D:14)
  2 tengu conjurers
  15 komodo dragons
  A red devil (Volcano)
  A freezing wraith (D:14)
  A yaktaur (shapeshifter) (D:11)
  7 trolls
  A wind drake (Lair:6)
  A burning bush (Lair:3)
  A meliai (shapeshifter) (D:11)
  4 polar bears
  4 blink frogs (Lair:5)
  2 hornets (Depths:1)
  5 slime creatures (D:12)
  A meliai zombie (D:11)
  A snapping turtle (Lair:6)
  2 air elementals (Elf:2)
  A centaur simulacrum (D:11)
  6 wraiths
  2 shadows
  2 water elementals (Elf:2)
  5 wyverns
  2 fire elementals (Elf:2)
  41 yaks
  Grum (D:9)
  7 fire bats
  2 steam dragons
  A golden eye (shapeshifter) (D:15)
  2 basilisks
  A redback (D:13)
  4 wargs
  A water moccasin (shapeshifter) (D:14)
  20 water moccasins
  2 acid dragons
  2 hell hounds (Volcano)
  A swamp drake (D:12)
  27 orc warriors
  An ice beast (D:8)
  A sky beast (D:6)
  4 boggarts (D:14)
  20 wolves
  36 ogres
  12 centaurs
  2 kobold brigands
  3 elf zombies (Ossuary)
  16 bullfrogs
  A scorpion (D:6)
  4 gnoll sergeants
  An earth elemental (Elf:2)
  A wyvern skeleton (D:6)
  4 killer bees
  An electric eel (Lair:5)
  5 wights (D:8)
  A howler monkey (D:11)
  5 lava snakes (Volcano)
  2 jellies
  2 human zombies (Ossuary)
  3 gnoll shamans
  A hound (D:5)
  A bullfrog skeleton (D:7)
  8 orc priests
  A centaur skeleton (D:6)
  4 iguanas
  28 orc wizards
  A hound zombie (Ossuary)
  A hound skeleton (D:2)
  3 mummies (Ossuary)
  A howler monkey zombie (D:5)
  26 gnolls
  3 adders
  2 shadow imps (D:6)
  A white imp (D:5)
  An ufetubus (D:6)
  7 adder zombies (Ossuary)
  2 adder skeletons (D:4)
  2 worms
  A dart slug (D:1)
  81 orcs
  3 bat zombies (D:4)
  7 endoplasms
  4 giant cockroaches
  5 goblins
  5 hobgoblins
  6 jackals
  A quokka (D:1)
  13 ball pythons
  2 bats
  5 frilled lizards
  4 gnoll zombies (Ossuary)
  4 goblin zombies (Ossuary)
  2 jackal zombies (Ossuary)
  14 kobolds
  4 kobold zombies (Ossuary)
  3 orc zombies (Ossuary)
  4 quokka zombies (Ossuary)
  7 rats
  2 rat zombies (Ossuary)
  2 fulminant prisms
820 creatures vanquished.

Vanquished Creatures (others)
  An air elemental (Elf:2)
  3 ball lightnings (Depths:1)
  A bush (Lair:4)
  395 fulminant prisms
  51 fungi
  78 plants
  2 withered plants (Lair:5)
531 creatures vanquished.

Grand Total: 1351 creatures vanquished

Notes
Turn   | Place    | Note
-------+----------+-------------------------------------------
     0 | D:1      | smarlow the Djinni Conjurer began the quest for the Orb.
     0 | D:1      | Reached XP level 1. HP: 15/15 MP: 0/0
   226 | D:1      | Reached XP level 2. HP: 18/21 MP: 0/0
   742 | D:1      | Reached XP level 3. HP: 23/25 MP: 0/0
   742 | D:1      | Learned a level 1 spell: Sting
  1508 | D:2      | Found Aleff's Antique Armour Shop.
  1562 | D:2      | Reached XP level 4. HP: 19/31 MP: 0/0
  2864 | D:3      | Reached XP level 5. HP: 30/35 MP: 0/0
  2864 | D:3      | Learned a level 2 spell: Ensorcelled Hibernation
  2924 | D:3      | Found Aritio's General Store.
  3013 | D:3      | Identified the +2 leather armour "Paxkilui" {Stlth+}
  3766 | D:4      | Found a blossoming altar of Fedhas.
  3772 | D:4      | Reached skill level 1 in Armour
  3813 | D:4      | Noticed a centaur
  3821 | D:4      | Killed a centaur
  3822 | D:4      | Reached skill level 1 in Fighting
  3822 | D:4      | Reached skill level 5 in Spellcasting
  3822 | D:4      | Reached XP level 6. HP: 24/43 MP: 0/0
  3992 | D:4      | Reached skill level 2 in Armour
  4397 | D:5      | Entered Level 5 of the Dungeon
  4455 | D:5      | Found a sand-covered staircase.
  4459 | D:5      | Found Kuoves's Antique Armour Shoppe.
  4464 | Ossuary  | Entered an ossuary
  4508 | Ossuary  | Reached XP level 7. HP: 17/49 MP: 0/0
  4508 | Ossuary  | Learned a level 3 spell: Vampiric Draining
  4796 | Ossuary  | Reached skill level 3 in Armour
  5732 | D:5      | Reached XP level 8. HP: 30/58 MP: 0/0
  5884 | D:5      | Found the +6 shillelagh "Devastator" {shatter}
  6350 | D:5      | Reached skill level 4 in Armour
  7097 | D:6      | Reached skill level 5 in Fighting
  7097 | D:6      | Reached skill level 5 in Armour
  7097 | D:6      | Reached XP level 9. HP: 31/65 MP: 0/0
  7097 | D:6      | Learned a level 3 spell: Swiftness
  7652 | D:6      | Found a staircase to the Ecumenical Temple.
  7824 | Temple   | Entered the Ecumenical Temple
  7923 | Temple   | Became a worshipper of Makhleb the Destroyer
  8361 | D:7      | Reached skill level 6 in Armour
  8614 | D:7      | Found Leassuebb's Book Shoppe.
  8717 | D:7      | Noticed a cyclops
  8724 | D:7      | Killed a cyclops
  8725 | D:7      | Reached skill level 1 in Evocations
  8731 | D:7      | Reached * piety under Makhleb
  8912 | D:7      | Noticed a moth of wrath
  9246 | D:7      | Reached XP level 10. HP: 63/73 MP: 0/0
  9559 | D:7      | Found a transporter.
  9568 | D:7      | Found a bloodstained altar of Trog.
  9673 | D:7      | Found a transporter.
  9675 | D:7      | Noticed a two-headed ogre
  9675 | D:7      | Noticed BigDaddyOpFi's ghost (novice HOMo)
 11585 | D:8      | Reached skill level 7 in Armour
 12037 | D:9      | Noticed a two-headed ogre
 12048 | D:9      | Killed a two-headed ogre
 12669 | D:9      | Noticed Grum
 12676 | D:9      | Reached XP level 11. HP: 46/79 MP: 0/0
 12676 | D:9      | Learned a level 4 spell: Animate Armour
 12681 | D:9      | Killed Grum
 13084 | D:10     | Entered Level 10 of the Dungeon
 13234 | D:10     | Reached ** piety under Makhleb
 13318 | D:10     | Found a staircase to the Lair.
 13566 | D:10     | You are sucked into a shaft and drop 3 floors!
 13579 | D:13     | Noticed a skeletal warrior
 13613 | D:13     | Noticed a cyan ugly thing
 13646 | D:11     | Noticed a manticore
 13831 | D:10     | Noticed a two-headed ogre
 13841 | D:10     | Noticed a catoblepas
 13847 | D:10     | Reached skill level 1 in Invocations
 14101 | D:10     | Killed a two-headed ogre
 14490 | D:5      | Bought a glowing cloak for 225 gold pieces
 14656 | D:3      | Bought a +0 tower shield for 54 gold pieces
 15319 | D:10     | Identified the +8 eveningstar of the Devouring Pariah
                  | {vorpal, Str+3 Dex+2}
 15568 | D:10     | Killed a catoblepas
 15569 | D:10     | Reached skill level 8 in Armour
 15719 | D:10     | Reached skill level 1 in Shields
 16048 | D:10     | Reached skill level 5 in Stealth
 16274 | D:11     | Noticed a cyan ugly thing
 16280 | D:11     | Killed a cyan ugly thing
 16569 | D:11     | Noticed a manticore
 16906 | Lair:1   | Entered Level 1 of the Lair of Beasts
 17130 | Lair:1   | Reached XP level 12. HP: 78/88 MP: 0/0
 17584 | Lair:1   | Noticed a six-headed hydra
 17620 | Lair:1   | Noticed an eight-headed hydra
 17622 | Lair:1   | Killed a six-headed hydra
 17635 | Lair:1   | Killed an eight-headed hydra
 17915 | Lair:1   | Noticed an eight-headed hydra
 17931 | Lair:1   | Killed an eight-headed hydra
 17937 | Lair:1   | HP: 4/88 [cane toad (18)]
 17961 | Lair:1   | HP: 2/88 [something (7)]
 18682 | Lair:2   | Noticed Harold
 18691 | Lair:2   | Killed Harold
 18852 | Lair:2   | Found a staircase to the Snake Pit.
 18905 | Lair:2   | Reached *** piety under Makhleb
 19076 | Lair:2   | Reached skill level 9 in Armour
 19609 | Lair:2   | Reached skill level 10 in Spellcasting
 19932 | Lair:2   | Found a staircase to the Swamp.
 20581 | Lair:3   | Reached XP level 13. HP: 80/94 MP: 0/0
 20581 | Lair:3   | Learned a level 5 spell: Metabolic Englaciation
 21303 | Lair:3   | Reached skill level 5 in Invocations
 22574 | Lair:4   | Noticed a five-headed hydra
 22588 | Lair:4   | Killed a five-headed hydra
 22650 | Lair:4   | Noticed a catoblepas
 22661 | Lair:4   | Killed a catoblepas
 22662 | Lair:4   | Reached skill level 10 in Armour
 22740 | Lair:4   | Reached skill level 5 in Shields
 22893 | Lair:4   | Reached **** piety under Makhleb
 23522 | Lair:5   | Noticed an eight-headed hydra
 23930 | Lair:5   | Noticed a seven-headed hydra
 23965 | Lair:5   | Killed a seven-headed hydra
 24176 | Lair:5   | Killed an eight-headed hydra
 24177 | Lair:5   | Reached XP level 14. HP: 78/102 MP: 0/0
 24443 | Lair:5   | Found a runed translucent door.
 24445 | Lair:5   | Found a viscous altar of Jiyva.
 24445 | Lair:5   | Found a staircase to the Slime Pits.
 24738 | Lair:5   | Found a runed translucent door.
 24738 | Lair:5   | Noticed experimilk's ghost (journeyman TrMo)
 24865 | Lair:5   | Reached skill level 10 in Fighting
 25330 | D:7      | Reached skill level 11 in Armour
 25343 | D:7      | Killed BigDaddyOpFi's ghost
 25735 | D:11     | Reached ***** piety under Makhleb
 27172 | D:11     | Found a hide-covered altar of Uskayaw.
 27883 | D:11     | Gained mutation: Your body sometimes deteriorates upon
                  | taking damage. [potion of mutation]
 27883 | D:11     | Gained mutation: Armour fits poorly on your strangely
                  | shaped body. [potion of mutation]
 27883 | D:11     | Gained mutation: Your muscles are strong. (Str +2) [potion
                  | of mutation]
 27884 | D:11     | Lost mutation: Your body sometimes deteriorates upon taking
                  | damage. [potion of mutation]
 27884 | D:11     | Lost mutation: Armour fits poorly on your strangely shaped
                  | body. [potion of mutation]
 27885 | D:11     | Lost mutation: Your muscles are strong. (Str +2) [potion of
                  | mutation]
 27885 | D:11     | Gained mutation: You sometimes lose the ability to read
                  | scrolls when taking damage. [potion of mutation]
 27885 | D:11     | Gained mutation: You tend to lose your temper in combat.
                  | [potion of mutation]
 27885 | D:11     | Gained mutation: Your muscles are strong. (Str +2) [potion
                  | of mutation]
 28087 | Lair:6   | Entered Level 6 of the Lair of Beasts
 29425 | D:12     | Found a staircase to the Orcish Mines.
 29941 | Orc:1    | Entered Level 1 of the Orcish Mines
 29958 | Orc:1    | Reached XP level 15. HP: 95/109 MP: 0/0
 29958 | Orc:1    | Learned a level 6 spell: Conjure Ball Lightning
 30015 | Orc:1    | Reached ****** piety under Makhleb
 30316 | Orc:2    | Entered Level 2 of the Orcish Mines
 30342 | Orc:2    | Found a dark tunnel.
 30349 | Volcano  | Entered a volcano
 30410 | Volcano  | Reached skill level 12 in Armour
 30551 | Orc:2    | Paralysed by an orc sorcerer for 7 turns
 30896 | Orc:2    | Found Oklaps's Distillery.
 30896 | Orc:2    | Found Zograih's Armour Emporium.
 30897 | Orc:2    | Found Impouthru's Armour Shoppe.
 30897 | Orc:2    | Found Titucel's Jewellery Boutique.
 30907 | Orc:2    | Bought a potion of curing for 54 gold pieces
 30907 | Orc:2    | Bought a potion of curing for 54 gold pieces
 30907 | Orc:2    | Bought a potion of haste for 180 gold pieces
 30907 | Orc:2    | Bought 2 potions of ambrosia for 288 gold pieces
 30983 | Orc:2    | Found a staircase to the Elven Halls.
 31010 | Orc:2    | Reached skill level 5 in Dodging
 31997 | D:13     | Reached XP level 16. HP: 108/116 MP: 0/0
 32011 | D:13     | Found a transporter.
 32019 | D:13     | Found a transporter.
 32023 | D:13     | Noticed smarlow's ghost (journeyman DjCj)
 32035 | D:13     | Killed smarlow's ghost
 32036 | D:13     | Reached skill level 13 in Armour
 32097 | D:13     | Identified the +2 pair of gloves "Hunecw" {+Blink Regen+
                  | rCorr Int-2}
 33531 | D:14     | Found a gate to the Vaults.
 33735 | D:15     | Entered Level 15 of the Dungeon
 33965 | D:15     | Found a staircase to the Depths.
 34092 | D:15     | Noticed Jorgrun
 34099 | D:14     | Lost mutation: You tend to lose your temper in combat.
                  | [potion of mutation]
 34099 | D:14     | Lost mutation: Your muscles are strong. (Str +2) [potion of
                  | mutation]
 34099 | D:14     | Gained mutation: You are agile. (Dex +2) [potion of
                  | mutation]
 34100 | D:14     | Lost mutation: You sometimes lose the ability to read
                  | scrolls when taking damage. [potion of mutation]
 34100 | D:14     | Lost mutation: You are agile. (Dex +2) [potion of mutation]
 34100 | D:14     | Gained mutation: Your body sometimes deteriorates upon
                  | taking damage. [potion of mutation]
 34100 | D:14     | Gained mutation: You are robust. (+10% HP) [potion of
                  | mutation]
 34100 | D:14     | Lost mutation: You are robust. (+10% HP) [potion of
                  | mutation]
 34100 | D:14     | Gained mutation: You are partially covered in iridescent
                  | scales. (AC +2) [potion of mutation]
 35640 | Elf:1    | Entered Level 1 of the Elven Halls
 35871 | Elf:1    | Identified the amulet "Roicveuklo" {Reflect rPois rC+
                  | Regen+ SH+5}
 35894 | Elf:1    | Reached XP level 17. HP: 123/123 MP: 0/0
 35894 | Elf:1    | Learned a level 7 spell: Monstrous Menagerie
 36158 | Elf:1    | Noticed Aizul
 36167 | Elf:1    | Killed Aizul
 36973 | Elf:2    | Reached skill level 14 in Armour
 36974 | Elf:2    | Paralysed by an air elemental for 1 turns
 37152 | Elf:2    | Found Kiyqeloe's Antique Armour Boutique.
 37174 | Elf:2    | Bought a glowing hat for 245 gold pieces
 37379 | Elf:2    | Paralysed by an air elemental for 1 turns
 37408 | Elf:2    | Found a runed translucent gate.
 37409 | Elf:2    | Found a runed translucent gate.
 37409 | Elf:2    | Noticed Opsifuid's ghost (journeyman BaBe)
 37410 | Elf:2    | Found a runed translucent gate.
 37496 | Elf:2    | Found a large runed translucent door.
 37496 | Elf:2    | Found a large runed translucent door.
 37529 | Elf:2    | Found a large runed translucent door.
 37529 | Elf:2    | Found a large runed translucent door.
 37839 | Elf:2    | Killed Opsifuid's ghost
 37879 | Elf:2    | Identified the -1 pair of gloves "Ranlario" {rF+ rC+ Str-3}
 38128 | D:15     | Reached XP level 18. HP: 103/130 MP: 0/0
 38570 | D:15     | Killed Jorgrun
 38909 | Depths:1 | Entered Level 1 of the Depths
 38960 | Depths:1 | Noticed a caustic shrike
 38968 | Depths:1 | Noticed a caustic shrike
 38968 | Depths:1 | Noticed a caustic shrike
 38973 | Depths:1 | Noticed a caustic shrike
 38976 | D:15     | HP: 6/131 [acid (5)]
 38977 | D:15     | Splashed by a caustic shrike's acid

Illustrated notes

Levels and vault maps discovered:
D:1:      eino_arrival_cavern_c, layout_basic, nrook_mini_vaults,
          corexii_item_surrounded_by_moat, minmay_unequal
D:2:      layout_loops_ring, serial_shops, shop
D:3:      layout_basic, serial_shops, shop, hangedman_decor_growths
D:4:      layout_rooms, fedhas_altar_2, lemuel_zombie_altar_kikubaaqudgha,
          hangedman_decor_clover_reticule, small_statue_intersection
D:5:      layout_loops_corners, serial_shops,
          nicolae_shop_temple_entry_statues_fountains,
          nicolae_ossuary_entry_ruins, kennysheep_generic_room_4
D:6:      layout_loops_ring, minmay_temple_entry_statues
D:7:      layout_basic, gammafunk_ghost_wrathful_warriors, serial_shops, shop
D:8:      minmay_angry_zag, layout_basic
D:9:      layout_basic, uniq_grum
D:10:     minmay_roctagon, layout_cave_pools, lair_entry_dummy,
          serial_co_window_serial, co_window_paths_a,
          co_window_of_opportunity_a, co_window_paths_b, co_window_corner_a,
          co_window_paths_a, co_window_corner_b, co_window_broadway_c,
          co_window_unsneaky_path_a, co_window_unsneaky_path_c,
          co_window_4corner_b, co_window_4corner_a, glass_columns_a,
          glass_columns_b, glass_columns_a, glass_columns_a, glass_columns_a
D:11:     minmay_the_grid_plus [minmay_the_grid_doors, minmay_the_grid_square_x,
          minmay_the_grid_spikes, minmay_the_grid_holed_spiral,
          minmay_the_grid_prize_inner_circle], layout_irregular_city,
          chequers_avenue, nicolae_uskayaw_suspiria
D:12:     layout_roguey, erik_orc_1, serial_glass, glass_columns_c,
          glass_columns_a, serial_park_tiny_2
D:13:     layout_cave_pools, gammafunk_ghost_berserking_beasts
D:14:     minmay_inner_zag, layout_loops_ring, david_vaults_4
D:15:     grunt_enter_depths_hoard, layout_loops_ring, nicolae_two_hexagons,
          uniq_jorgrun
Temple:   regret_index_temple_chain_breaker
Lair:1:   layout_cave_pods, infiniplex_staircase_pool
Lair:2:   layout_gridlike, swamp_mist, dummy_snake_entry, uniq_harold
Lair:3:   layout_gridlike, evilmike_ambush [evilmike_ambush_outer_corners,
          evilmike_ambush_inner_basic]
Lair:4:   layout_loops_ring
Lair:5:   layout_misc_corridors, slime_altar_2, gammafunk_ghost_grave,
          beast_lair_carwin_1, serial_bayou_shore_a
Lair:6:   gammafunk_lair_ancient_temple, layout_layer_cave, minivault_19,
          chequers_serial_rivers_micro_a, infiniplex_staircase_pool_2
Orc:1:    layout_caves
Orc:2:    st_orc_ogre_mass, layout_diamond_mine, enter_volcano_2
Elf:1:    minmay_elf_arrival_circle, layout_loops_corners, minmay_elf_sorcery,
          uniq_aizul
Elf:2:    elven_hall_of_blades_hangedman_alternative
          [nicolae_blade_entry_splitting_headache], layout_gridlike,
          gammafunk_ghost_tricky_traps, serial_shops, nicolae_shop_waterfront,
          grunt_megastairs_2
Depths:1: layout_big_octagon, serial_shops, nicolae_shop_window_shopping,
          chequers_serial_rivers_micro_a, hellmouth_1, lightli_minifort,
          serial_bayou_shore_b

Skill      XL: |  1  2  3  4  5  6  7  8  9 10 11 12 13 14 15 16 17 18 |
---------------+-------------------------------------------------------+-----
Spellcasting   | 4 5 6 7 8 9 10 11 12 13 | 13.4
Armour         | 1 2 3 5 6 7 8 9 10 11 12 13 14 | 14.5
Fighting       | 1 2 3 5 6 7 8 9 10 11 12 | 12.6
Stealth        | 2 4 5 6 7 8 9 |  9.5
Evocations     | 1 3 4 |  4.1
Invocations    | 3 4 6 7 8 9 |  9.8
Shields        | 2 4 5 6 7 8 9 |  9.8
Dodging        | 3 5 6 8 9 |  9.2

Action                   |  1- 3 |  4- 6 |  7- 9 | 10-12 | 13-15 | 16-18 || total
-------------------------+-------+-------+-------+-------+-------+-------++-------
Melee: Unarmed           |       |       |       |     1 |    45 |       ||    46
 Cast: Magic Dart        |    69 |   111 |   169 |   213 |   288 |   193 ||  1043
       Fulminant Prism   |       |     8 |    19 |    80 |   151 |   141 ||   399
       Searing Ray       |       |     5 |    10 |    20 |    39 |    27 ||   101
       Iskenderun's Myst |       |     1 |    49 |   150 |   394 |   238 ||   832
       Vampiric Draining |       |       |     3 |       |       |       ||     3
       Swiftness         |       |       |       |     5 |     5 |     1 ||    11
       Metabolic Englaci |       |       |       |       |     7 |     3 ||    10
       Conjure Ball Ligh |       |       |       |       |     1 |     1 ||     2
Evoke: Wand              |       |       |       |       |     1 |       ||     1
  Use: Scroll            |       |     5 |       |    16 |     8 |     8 ||    37
       Potion            |       |       |     3 |     7 |     3 |     6 ||    19
Armor: Robe              |     3 |       |       |       |       |       ||     3
       Leather armour    |       |     2 |    11 |    22 |    37 |       ||    72
       Troll leather arm |       |       |       |       |    15 |    21 ||    36
Dodge: Dodged            |     9 |     7 |    13 |    12 |    35 |    47 ||   123
Block: Tower shield      |       |       |       |    19 |    92 |    67 ||   178
